 Dungeon Sprint DCSS version 0.30-a0-122-g2a1322497e (webtiles) character file.

Game seed: 1338349571395714921

95 123456 the Trooper (level 4, -3/47 HPs)
             Began as a Minotaur Fighter on Sept 16, 2022.
             Slain by an ice beast (13 damage)
             ... in the Dungeon (Sprint IX: "|||||||||||||||||||||||||||||").
             The game lasted 00:00:10 (162 turns).

123456 the Trooper (Minotaur Fighter)                Turns: 162, Time: 00:00:11

Health: -3/47      AC:  7    Str: 21    XL:     4   Next: 39%
Magic:  3/3        EV: 10    Int:  5    God:
Gold:   0          SH:  4    Dex: 11    Spells: 3/3 levels left

rFire   . . .      SeeInvis .    a - +0 flail
rCold   . . .      Faith    .    c - +0 buckler
rNeg    . . .      Spirit   .    b - +0 scale mail
rPois   .          Reflect  .    (helmet restricted)
rElec   .          Harm     .    (no cloak)
rCorr   .          Rampage  .    (no gloves)
Will    .....      NoTele   +    (no boots)
Stlth   ..........               (no amulet)
HPRegen 0.15/turn                (no ring)
MPRegen 0.08/turn                (no ring)

@: no status effects
A: horns 2, retaliatory headbutt
a: no special abilities


You were in the Dungeon.
You visited 1 branch

Inventory:

Hand Weapons
 a - a +0 flail (weapon)
Armour
 b - a +0 scale mail (worn)
 c - a +0 buckler (worn)
Scrolls
 j - a scroll of blinking
Potions
 d - a potion of might
 e - a potion of curing
 f - a potion of heal wounds
 g - a potion of haste
 h - 2 potions of magic
 i - a potion of berserk rage


   Skills:
 * Level 7.1 Fighting
 * Level 6.4 Maces & Flails
 + Level 5.5 Armour
 + Level 3.6 Dodging
 - Level 3.6 Shields


You had 3 spell levels left.
You didn't know any spells.
Your spell library was empty.

Dungeon Overview and Level Annotations

Branches:
Dungeon (1/1)

Altars:


Innate Abilities, Weirdness & Mutations

You have a pair of horns on your head.
You reflexively headbutt those who attack you in melee.


Message History

The centaur hits you but does no damage.
The centaur kicks you but does no damage.
You hit the centaur. You headbutt the centaur.
You kill the centaur!
Your Fighting skill gained 3 levels and is now at level 7!
Your Maces & Flails skill gained 2 levels and is now at level 6!
Your Armour skill increases to level 5!
Your Dodging skill gained 2 levels and is now at level 3!
You have reached level 3!
Your experience leads to an increase in your attributes!
Increase (S)trength, (I)ntelligence, or (D)exterity?
You feel agile. x2
You have reached level 4!
You feel stronger.
You hit the ice beast but do no damage. You headbutt the ice beast.
The ice beast is lightly wounded.
You block the ice beast's attack.
You hit the ice beast but do no damage.
The ice beast is lightly wounded.
The ice beast hits you but does no damage.
You barely miss the ice beast. Your headbutt misses the ice beast.
The ice beast is lightly wounded.
The ice beast closely misses you.
You closely miss the ice beast. Your headbutt misses the ice beast.
The ice beast is lightly wounded.
The ice beast hits you but does no damage.
You closely miss the ice beast.
The ice beast is lightly wounded.
The ice beast barely misses you.
You hit the ice beast.
You headbutt the ice beast, but do no damage.
The ice beast is lightly wounded.
The ice beast hits you. The ice beast freezes you!
* * * LOW HITPOINT WARNING * * *
You hit the ice beast but do no damage.
The ice beast is lightly wounded.
The ice beast hits you.
* * * LOW HITPOINT WARNING * * *
The ice beast freezes you!
You die... ▓▓▓▓▓▓▓▓▓▓▓▓▓▓▓▓▓▓ ▓<...††....@Ylh..+ ▓▓▓▓▓▓▓▓▓▓▓▓▓▓▓▓▓▓

You could see an ice beast, an iguana and a hound.

Vanquished Creatures
  A centaur (D)
  An adder (D)
  2 endoplasms (D)
  A quokka (D)
  2 frilled lizards (D)
7 creatures vanquished.

Notes
Turn   | Place    | Note
-------+----------+-------------------------------------------
     0 | D        | 123456 the Minotaur Fighter began the quest for the Orb.
     0 | D        | Reached XP level 1. HP: 19/19 MP: 0/0
     5 | D        | Reached skill level 4 in Fighting
     9 | D        | Reached skill level 1 in Dodging
   145 | D        | Noticed a centaur
   145 | D        | Noticed an ice beast
   145 | D        | Noticed an iguana
   145 | D        | Noticed a hound
   148 | D        | Reached XP level 2. HP: 27/28 MP: 1/1
   155 | D        | Killed a centaur
   156 | D        | Reached skill level 7 in Fighting
   156 | D        | Reached skill level 5 in Armour
   156 | D        | Reached XP level 3. HP: 22/39 MP: 2/2
   156 | D        | Reached XP level 4. HP: 27/47 MP: 3/3
   162 | D        | Slain by an ice beast

Illustrated notes

Levels and vault maps discovered:
D:        linesprint [early_d, line_temple, items_1, d_10, items_2, lair_1,
          lair_end, items_3, orc_1, orc_end, items_4, d_15, swamp_1, shoals_1,
          snake_1, spider_1, d_20, vaults_1, items_5, swamp_end, shoals_end,
          snake_end, spider_end, vaults_end, d_27, items_6, zot_1, zot_end,
          crypt_end, forest_end, elf_end, slime_end, tomb_end, abyss_end,
          pan_hell_end]

Skill      XL: |  1  2 |
---------------+-------+-----
Fighting       | 4 7 |  7.1
Maces & Flails | 4 6 |  6.4
Dodging        | 1 3 |  3.6
Armour         | 4 5 |  5.5
Shields        | |  3.6

Action                   |  1- 3 |  4- 6 || total
-------------------------+-------+-------++-------
Melee: Flail             |    19 |     7 ||    26
       Headbutt          |     2 |     2 ||     4
Armor: Scale mail        |    12 |     2 ||    14
Dodge: Dodged            |    15 |     2 ||    17
Block: Buckler           |     6 |     1 ||     7

Table legend: (Time is in decaauts)
 A = Elapsed time spent in this place.
 B = Non-inter-level travel time spent in this place.
 C = Inter-level travel time spent in this place.
 D = Time resting spent in this place.
 E = Time spent auto-exploring this place.
 F = Levels seen in this place.
 G = Mean time per level.
                   A        B        C        D        E       F      G
               +--------+--------+--------+--------+--------+-----+--------+
         Total |    167 |    167 |      0 |      0 |    133 |   1 |  167.0 |
       Dungeon |    167 |    167 |      0 |      0 |    133 |   1 |  167.0 |
               +--------+--------+--------+--------+--------+-----+--------+

Top non-repeatable levels by time:
       D: 167 daAuts
